 Dungeon Crawl Stone Soup version 0.32-a0-871-ge202e49faa (webtiles) character file.

Game seed: 12005651295491675680

2074 Griffin23 the Carver (level 9, -4/79 HPs)
             Began as a Minotaur Fighter on Mar 29, 2024.
             Was an Initiate of Gozag.
             Slain by a yak (10 damage)
             ... on level 6 of the Dungeon.
             The game lasted 00:08:13 (5915 turns).

Griffin23 the Carver (Minotaur Fighter)             Turns: 5915, Time: 00:08:13

Health: -4/79      AC:  9    Str: 25    XL:     9   Next: 6%
Magic:  8/8        EV:  8    Int:  5    God:    Gozag
Gold:   9          SH:  0    Dex: 10    Spells: 8/8 levels left

rFire   + + .        a - +0 long sword (venom)
rCold   + . .        c - +0 buckler
rNeg    . . .        b - +0 scale mail
rPois   +            (helmet restricted)
rElec   +            (no cloak)
rCorr   +            (no gloves)
SInv    .            e - +0 pair of boots
Will    .....        (no amulet) Stlth
                     p - ring of protection from fire
HPRegen 0.33/turn    u - ring of poison resistance
MPRegen 0.11/turn

%: no passive effects
@: confused, mighty, resistant, ambrosia-drunk, gold aura, attractive, hasted,
very quick
A: horns 2, retaliatory headbutt, talons 1
a: Renounce Religion, Potion Petition, Call Merchant, Bribe Branch


You were on level 6 of the Dungeon.
You worshipped Gozag.
Gozag was noncommittal.
You visited 1 branch of the dungeon, and saw 6 of its levels.
You also visited: Sewer.

You collected 593 gold pieces.
You paid 584 gold pieces to Gozag.

Inventory:

Hand Weapons
 a - a +0 long sword of venom (weapon)
Missiles
 f - 10 boomerangs (quivered)
Armour
 b - a +0 scale mail (worn)
 c - a +0 buckler (worn)
 e - a +0 pair of boots (worn)
Jewellery
 j - a ring of magical power
 p - a ring of protection from fire (left hand)
 u - a ring of poison resistance (right hand)
 w - a ring of magical power
Wands
 t - a wand of polymorph (7)
Scrolls
 g - a scroll of enchant armour {unknown}
 o - 2 scrolls of torment
 q - 2 scrolls of teleportation
Potions
 d - 2 potions of might
 i - 2 potions of ambrosia
 l - 3 potions of magic
 m - 4 potions of enlightenment
 r - a potion of brilliance {unknown}
 s - a potion of invisibility {unknown}
 v - a potion of lignification {unknown}


   Skills:
 + Level 7.3 Fighting
 * Level 9.3 Long Blades
 + Level 7.3 Armour
 + Level 7.3 Shields


You had 8 spell levels left.
You didn't know any spells.
Your spell library contained the following spells:

 Spells                   Type           Power      Damage    Failure   Level
 Foxfire                  Conj/Fire      0%         2x1d4     80%         1
 Slow                     Hex            0%         N/A       80%         1
 Call Canine Familiar     Summ           0%         N/A       99%         3
 Confusing Touch          Hex            0%         N/A       99%         3
 Frozen Ramparts          Ice            0%         1d1       99%         3
 Ozocubu's Armour         Ice            0%         N/A       99%         3
 Sigil of Binding         Hex            0%         N/A       99%         3
 Vampiric Draining        Necr           0%         2d6       99%         3
 Dimensional Bullseye     Hex/Tloc       0%         N/A       100%        4
 Summon Blazeheart Golem  Fire/Summ      0%         N/A       100%        4
 Metabolic Englaciation   Hex/Ice        0%         N/A       100%        5
 Plasma Beam              Fire/Air       0%         2x1d10    100%        6
 Starburst                Conj/Fire      0%         6d3       100%        6
 Orb of Destruction       Conj           0%         9d5       100%        7
 Spellforged Servitor     Conj/Summ      0%         N/A       100%        7


Dungeon Overview and Level Annotations

Branches:
Dungeon (6/15)             Temple (0/1) D:5           Sewer (visited)

Altars:
Gozag
Ru
The Shining One
Beogh

Shops:
D:2 *

Annotations:
D:4 3 runed translucent doors, gelatine's ghost, amateur DsFi


Innate Abilities, Weirdness & Mutations

You have a pair of horns on your head.
You reflexively headbutt those who attack you in melee.
You have sharp toenails.


Message History

Increase (S)trength, (I)ntelligence, or (D)exterity?
You feel stronger. x2 [a] - 650 gold - resistance, enlightenment and haste [b] - 290 gold - haste [c] - 480 gold - haste, resistance and might Purchase which effect? [a] - 650 gold - resistance, enlightenment and haste [b] - 290 gold - haste [c] - 480 gold - haste, resistance and might Purchase which effect? [a] - 650 gold - resistance, enlightenment and haste [b] - 290 gold - haste [c] - 480 gold - haste, resistance and might Purchase which effect? [a] - 650 gold - resistance, enlightenment and haste [b] - 290 gold - haste [c] - 480 gold - haste, resistance and might Purchase which effect? [a] - 650 gold - resistance, enlightenment and haste [b] - 290 gold - haste [c] - 480 gold - haste, resistance and might Purchase which effect?
You no longer have enough gold to petition Gozag for potion effects.
You feel yourself speed up.
You feel protected.
You feel very mighty all of a sudden.
The yak is distracted by your dazzling golden aura.
It was a potion of ambrosia.
You are confused.
You feel invigorated.
Okay, then.
Okay, then.
It was a potion of mutation.
You feel extremely strange.
Your toenails lengthen and sharpen.
The yak gores you.
* * * LOW HITPOINT WARNING * * *
It was a potion of attraction.
You feel attractive to monsters. The yak gores you!
You die...
Your body crumbles into a pile of gold.

..............##........
#
##...))).......#........
##.
...#...........#........
#...
...#...........#........
$....
.............#..........
..^..
...........#.#..........
D....
#.........#####.Y.......
..... ##..........####Y#
... ###...........Y@# .
#...........##.##
#.....###..###.# #...#.#
##.# ### ##.#### ### ###


You could see 3 yaks.

Vanquished Creatures
  3 yaks (D:6)
  A water moccasin (D:6)
  Pargi (Sewer)
  2 black bears (D:4)
  3 ogres
  2 brain worms (Sewer)
  A bullfrog (D:6)
  2 scorpions
  A hound (D:4)
  2 bombardier beetles
  A gnoll bouda (D:4)
  3 orc priests (D:6)
  2 orc wizards (D:6)
  A sleepcap (D:4)
  4 iguanas
  Robin (D:3)
  7 gnolls
  10 adders
  2 ufetubi (D:5)
  A ribbon worm (D:4)
  2 dart slugs
  15 orcs
  5 bats
  3 endoplasms
  3 giant cockroaches (D:3)
  20 goblins
  7 hobgoblins
  7 jackals
  3 quokkas
  5 ball pythons
  4 frilled lizards
  10 kobolds
  6 rats
140 creatures vanquished.

Notes
Turn   | Place    | Note
-------+----------+-------------------------------------------
     0 | D:1      | Griffin23 the Minotaur Fighter began the quest for the Orb.
     0 | D:1      | Reached XP level 1. HP: 19/19 MP: 0/0
   146 | D:1      | Found a faded altar of an unknown god.
   160 | D:1      | Reached XP level 2. HP: 26/27 MP: 1/1
   287 | D:1      | Reached skill level 3 in Long Blades
   617 | D:2      | Reached XP level 3. HP: 32/33 MP: 2/2
   714 | D:2      | Found Gamafaof's Assorted Antiques.
  1327 | D:3      | Reached XP level 4. HP: 39/40 MP: 3/3
  1398 | D:3      | Noticed Robin
  1426 | D:3      | Reached skill level 4 in Long Blades
  1432 | D:3      | Killed Robin
  1432 | D:3      | HP: 2/40 [goblin/+0 club[Robin] (6)]
  1712 | D:3      | Found a sacrificial altar of Ru.
  1791 | D:3      | Reached XP level 5. HP: 31/47 MP: 4/4
  2218 | D:4      | Noticed a black bear
  2224 | D:4      | Killed a black bear
  2225 | D:4      | Reached skill level 5 in Long Blades
  2225 | D:4      | Reached XP level 6. HP: 51/55 MP: 5/5
  2376 | D:4      | Reached skill level 5 in Fighting
  2376 | D:4      | Reached skill level 5 in Armour
  2376 | D:4      | Reached skill level 5 in Shields
  2476 | D:4      | Found a glowing drain.
  2513 | Sewer    | Entered a sewer
  2628 | Sewer    | Reached skill level 6 in Long Blades
  2661 | Sewer    | Noticed Pargi
  2670 | Sewer    | Killed Pargi
  2671 | Sewer    | Reached XP level 7. HP: 41/61 MP: 6/6
  3033 | D:4      | Found a glowing golden altar of the Shining One.
  3074 | D:4      | You fall into a shaft and drop 2 floors!
  3076 | D:6      | Noticed a steam dragon
  3099 | D:5      | Entered Level 5 of the Dungeon
  3202 | D:5      | Found an opulent altar of Gozag.
  3255 | D:5      | Became a worshipper of Gozag Ym Sagoz the Greedy
  3539 | D:4      | Found a runed translucent gate.
  3539 | D:4      | Found a runed translucent gate.
  3541 | D:4      | Found a runed translucent gate.
  3542 | D:4      | Noticed gelatine's ghost (amateur DsFi)
  4170 | D:4      | Found a roughly hewn altar of Beogh.
  4225 | D:5      | Reached skill level 7 in Long Blades
  4488 | D:5      | Found a staircase to the Ecumenical Temple.
  4744 | D:5      | Reached XP level 8. HP: 63/70 MP: 7/7
  5385 | D:6      | Reached skill level 8 in Long Blades
  5900 | D:6      | Reached skill level 9 in Long Blades
  5911 | D:6      | HP: 2/73 [yak (13)]
  5912 | D:6      | Reached XP level 9. HP: 2/79 MP: 8/8
  5914 | D:6      | Gained mutation: You have sharp toenails. [potion of
                  | mutation]
  5915 | D:6      | Slain by a yak

Illustrated notes

Levels and vault maps discovered:
D:1:      amcnicky_arrival_single_pillar, layout_basic, basic_ecumenical_altar
D:2:      layout_basic, serial_shops, nicolae_shop_overgrown_old_shop
D:3:      kennysheep_goblin_castle, layout_rooms,
          nicolae_ru_sacrificial_ziggurat, serial_corexii_hall,
          corexii_hall_statues_s, corexii_hall_statues_t, serial_bayou_crossing
D:4:      cheibrodos_helix_gallery, layout_layer_cave,
          nicolae_tso_carved_into_rock, biasface_ghost_orc_armoury,
          gup_sewer_entry_bubbles
D:5:      layout_loops_corners, mainiacjoe_overflow_concentric_impassable,
          minmay_temple_entry_nine_rooms
D:6:      layout_cave_pools, general_overflow_altar

Skill      XL: |  1  2  3  4  5  6  7  8 |
---------------+-------------------------+-----
Long Blades    | 3 4 5 6 7 9 |  9.3
Fighting       | 4 5 6 7 |  7.3
Armour         | 4 5 6 7 |  7.3
Shields        | 4 5 6 7 |  7.3

Action                     |  1- 3 |  4- 6 |  7- 9 || total
---------------------------+-------+-------+-------++-------
  Melee: Long sword        |    67 |   141 |   169 ||   377
         Headbutt          |    15 |    17 |    40 ||    72
 Invoke: Potion Petition   |       |       |     1 ||     1
    Use: Scroll            |       |     2 |     5 ||     7
         Potion            |       |     2 |     4 ||     6
 Armour: Scale mail        |    50 |   163 |   164 ||   377
  Dodge: Dodged            |    35 |    85 |    60 ||   180
  Block: Buckler           |    14 |    31 |    39 ||    84

Table legend: (Time is in decaauts)
 A = Elapsed time spent in this place.
 B = Non-inter-level travel time spent in this place.
 C = Inter-level travel time spent in this place.
 D = Time resting spent in this place.
 E = Time spent auto-exploring this place.
 F = Levels seen in this place.
 G = Mean time per level.
                   A        B        C        D        E       F      G
               +--------+--------+--------+--------+--------+-----+--------+
         Total |   6004 |   5813 |    191 |    216 |   4632 |   7 |  857.7 |
       Dungeon |   5675 |   5484 |    191 |    216 |   4356 |   6 |  945.8 |
         Sewer |    329 |    329 |      0 |      0 |    275 |   1 |  329.0 |
               +--------+--------+--------+--------+--------+-----+--------+

Top non-repeatable levels by time:
     D:4: 1601 daAuts
     D:5: 1322 daAuts
     D:3: 962 daAuts
     D:2: 636 daAuts
     D:6: 602 daAuts
     D:1: 551 daAuts
   Sewer: 329 daAuts
